 Dungeon Crawl Stone Soup version 0.23-a0-451-g1044d4c (webtiles) character file.

69 galech the Skirmisher (level 4, 33/35 HPs)
             Began as a Demonspawn Fighter on Nov 23, 2018.
             Quit the game on level 4 of the Dungeon.
             The game lasted 00:01:46 (1936 turns).

galech the Skirmisher (Demonspawn Fighter)          Turns: 1936, Time: 00:01:47

Health: 33/35      AC:  8    Str: 17    XL:     4   Next: 2%
Magic:  4/4        EV:  7    Int:  9    God:
Gold:   183        SH:  9    Dex: 13    Spells: 3/3 levels left

rFire    + . .     SeeInvis .   a - +0 war axe
rCold    . . .     Gourm    .   c - +0 shield
rNeg     . . .     Faith    .   b - +0 scale mail
rPois    .         Spirit   .   g - +0 helmet
rElec    .         Reflect  .   (no cloak)
rCorr    .         Harm     .   (no gloves)
MR       .....                  (no boots)
Stlth    ..........             (no amulet)
HPRegen  0.11/turn              p - ring of protection from fire
MPRegen  0.09/turn              (no ring)

@: no status effects
A: claws 1, hooves 1
a: no special abilities


You were on level 4 of the Dungeon.
You were not hungry.

You visited 1 branch of the dungeon, and saw 4 of its levels.

You collected 183 gold pieces.

Inventory:

Hand Weapons
 a - a +0 war axe (weapon)
Armour
 b - a +0 scale mail (worn)
 c - a +0 shield (worn)
 g - a +0 helmet (worn)
Jewellery
 p - a ring of protection from fire (left claw)
 q - an uncursed ring of protection from magic {unknown}
Wands
 r - a wand of digging (4)
Scrolls
 i - a scroll of magic mapping {unknown}
 j - a scroll of noise {unknown}
 k - 2 scrolls of identify {unknown}
 l - 2 scrolls of remove curse {unknown}
 m - a scroll of immolation {unknown}
 o - 2 scrolls of teleportation {unknown}
Potions
 d - 3 potions of might
 e - a potion of haste {unknown}
 h - 2 potions of mutation {unknown}
 n - a potion of curing {unknown}
 s - a potion of cancellation {unknown}
 u - a potion of flight {unknown}
Comestibles
 f - 6 rations
 t - 3 chunks of flesh


   Skills:
 + Level 3.4 Fighting
 + Level 2.5 Axes
 + Level 3.3 Armour
 + Level 0.3 Dodging
 + Level 3.1 Shields


You had 3 spell levels left.
You didn't know any spells.
Your spell library was empty.

Dungeon Overview and Level Annotations

Branches:
Dungeon (4/15)
 Temple: D:4-7

Altars:

Annotations:
D:3 Grinder


Innate Abilities, Weirdness & Mutations

You have sharp fingernails.
You have large cloven feet.


Message History

The worker ant is heavily wounded.
You hit the quokka skeleton. You block the worker ant's attack.
The quokka skeleton barely misses you.
The worker ant bites you but does no damage.
The quokka skeleton bites you but does no damage.
Your shield and scale mail prevent you from hitting the quokka skeleton.
You kick the quokka skeleton.
You destroy the quokka skeleton!
You hit the worker ant.
The worker ant bites you but does no damage. x2
You hit the worker ant but do no damage.
Your kick misses the worker ant.
The worker ant is almost dead.
You block the worker ant's attack.
You slash the worker ant!
You kill the worker ant!
You have reached level 4!
You feel stronger.
Your demonic ancestry asserts itself...
Your fingernails lengthen.
Are you sure you want to abandon this character and quit the game? (Confirm

#.....
#..... .....
#...# #####
##...##.....
#..........#
#...<......#
##.........+
#..@##.####
#...# #
#.... #>....
#......
#.......
#......##
#......#


There were no monsters in sight!

Vanquished Creatures
  A worker ant (D:4)
  An ooze (D:1)
  A worm (D:2)
  A dart slug (D:2)
  A leopard gecko (D:2)
  An orc (D:2)
  A giant cockroach (D:1)
  3 goblins
  4 hobgoblins
  4 jackals
  3 kobolds (D:1)
  3 bats
  6 frilled lizards
  A quokka skeleton (D:4)
  6 rats
37 creatures vanquished.

Notes
Turn   | Place    | Note
-------+----------+-------------------------------------------
     0 | D:1      | galech the Demonspawn Fighter began the quest for the Orb.
     0 | D:1      | Reached XP level 1. HP: 18/18 MP: 1/1
   498 | D:1      | Gained mutation: You have large cloven feet. [demonic
                  | ancestry]
   498 | D:1      | Reached XP level 2. HP: 21/24 MP: 2/2
  1180 | D:2      | Reached XP level 3. HP: 18/29 MP: 3/3
  1919 | D:3      | Noticed Grinder
  1935 | D:4      | Gained mutation: You have sharp fingernails. [demonic
                  | ancestry]
  1935 | D:4      | Reached XP level 4. HP: 32/35 MP: 4/4
  1936 | D:4      | Quit the game

Vault maps used:
D:1:      dpeg_arrival_snail
D:3:      nemelex_diamond_rough_becter, uniq_grinder
D:4:      wander_river, first_ration, serial_shops, shop, lemuel_old_faithful

Skill      XL: |  1  2  3 |
---------------+----------+-----
Axes           | 2 |  2.5
Armour         | 3 |  3.3
Shields        | 3 |  3.1
Fighting       | |  3.4
Dodging        | |  0.3

Action                   |  1- 3 |  4- 6 || total
-------------------------+-------+-------++-------
Melee: War axe           |   119 |       ||   119
       Kick              |    23 |       ||    23
  Eat: Chunk             |     3 |       ||     3
Armor: Scale mail        |    69 |       ||    69
Dodge: Dodged            |    44 |       ||    44
Block: Shield            |    67 |       ||    67

Table legend:
 A = Non-vault XP
 B = Vault XP
 C = Vault XP percentage of total XP
 D = Non-vault monster count
 E = Vault monster count
 F = Vault count percentage of total count
                 A         B        C        D         E       F
            +---------+---------+-------+---------+---------+-------
      Total |      99 |       0 |   0.0 |      37 |       0 |   0.0
            +---------+---------+-------+---------+---------+-------
        D:1 |      32 |       0 |   0.0 |      19 |       0 |   0.0
        D:2 |      27 |       0 |   0.0 |      12 |       0 |   0.0
        D:3 |       7 |       0 |   0.0 |       4 |       0 |   0.0
        D:4 |      33 |       0 |   0.0 |       2 |       0 |   0.0
            +---------+---------+-------+---------+---------+-------
